 Dungeon Crawl Stone Soup version 0.19.5 (console) character file.

271 Grinner the Slasher (level 6, -5/27 HPs)
             Began as a Spriggan Gladiator on Mar 6, 2017.
             Shot with an arrow by a centaur (6 damage)
             ... on level 5 of the Dungeon.
             The game lasted 00:12:56 (3906 turns).

Grinner the Slasher (Spriggan Gladiator)            Turns: 3906, Time: 00:12:56

Health: -5/27      AC:  3    Str: 11    XL:     6   Next: 2%
Magic:  7/7        EV: 20    Int: 14    God:
Gold:   249        SH:  0    Dex: 19    Spells: 0 memorised, 5 levels left

rFire  + . .     SeeInvis +     d - -3 blowgun (curse)
rCold  . . .     Gourm    .     b - +0 robe
rNeg   . . .     Faith    .     (shield restricted)
rPois  .         Spirit   .     c - +1 hat
rElec  .         Reflect  .     (no cloak)
rCorr  .         Harm     .     (gloves unavailable)
MR     +....                    (boots unavailable)
Stlth  +++.......               (no amulet)
                                u - ring of stealth
                                g - ring of fire

@: brilliant, very quick
A: unfitting armour, see invisible, cold resistance 1, herbivore 3, speed 3,
frail 1, slow regeneration 1, slow metabolism 2
a: no special abilities


You were on level 5 of the Dungeon.
You were hungry.

You visited 1 branch of the dungeon, and saw 5 of its levels.

You collected 249 gold pieces.

Inventory:

Hand Weapons
 a - a +1 falchion
 d - a cursed -3 blowgun (weapon)
 r - a +0 long sword
Missiles
 w - 3 poisoned needles (quivered)
Armour
 b - a +0 robe (worn)
 c - a +1 hat (worn)
Jewellery
 g - a ring of fire (left hand)
 n - an uncursed ring of magical power
 u - a ring of stealth (right hand)
Wands
 e - a wand of iceblast (0/15)
 v - a wand of slowing (40/48)
Scrolls
 i - a scroll of teleportation
 l - 2 scrolls of identify
 m - a scroll of enchant weapon
 o - a scroll of enchant armour
Potions
 k - a potion of degeneration
 q - 2 potions of lignification
 s - a potion of resistance
Comestibles
 f - 2 bread rations
 j - 3 fruits


   Skills:
 - Level 1.5 Fighting
 * Level 5.6 Long Blades
 - Level 2.0 Throwing
 - Level 4.4 Dodging


You had 5 spell levels left.
You didn't know any spells.

Dungeon Overview and Level Annotations

Branches:
Dungeon (5/15)
 Temple: D:4-7

Altars:
Cheibriados
Qazlal
Ru
Uskayaw
The Shining One


Innate Abilities, Weirdness & Mutations

You are very small and have problems with some larger weapons.
You are too small for most types of armour.
You have supernaturally acute eyesight. (SInv)
You are a herbivore.
You cover ground extremely quickly.
You need consume almost no food.
Your flesh is cold resistant. (rC+)
You are frail. (-10% HP)
You regenerate slowly when monsters are visible.


Message History

Aim: a centaur, wielding a shortbow (heavily wounded) Nothing appears to happen.
The centaur shoots an arrow.
The arrow barely misses you. The orc hits you with a falchion.
Okay, then.
The centaur shoots an arrow.
The arrow hits you!!
Ouch! That really hurt!
* * * LOW HITPOINT WARNING * * *
Found a scroll of identify.
Things that are here:
an arrow; a poisoned needle You see here 2 poisoned needles.
Things that are here:
a scroll of identify; an amethyst potion
l - 2 scrolls of identify (gained 1);
h - an amethyst potion The centaur shoots an arrow.
The arrow misses you.
It was a potion of brilliance.
You feel clever all of a sudden.
Okay, then.
You open the door.
The centaur shoots an arrow.
The arrow hits you.
You die...

# ####.
#....
#.....
#.....###
#.....'.#
#@# #.# #.#
#.# #+# #.#
...######.#
..........#
........co#
.........##


You could see a centaur and an orc.

Vanquished Creatures
  A big kobold (D:4)
  A hound (D:5)
  An iguana (D:5)
  6 adders
  An ooze (D:3)
  3 worms (D:2)
  2 dart slugs (D:2)
  2 leopard geckos
  5 orcs
  3 giant cockroaches
  9 goblins
  8 hobgoblins
  4 jackals (D:1)
  5 kobolds
  A quokka (D:3)
  3 ball pythons
  5 bats
  3 frilled lizards
  11 rats
74 creatures vanquished.

Notes
Turn   | Place    | Note
-------+----------+-------------------------------------------
     0 | D:1      | Grinner the Spriggan Gladiator began the quest for the Orb.
     0 | D:1      | Reached XP level 1. HP: 10/10 MP: 2/2
   153 | D:1      | Reached XP level 2. HP: 12/14 MP: 3/3
   155 | D:1      | Reached skill level 3 in Long Blades
   925 | D:2      | Reached XP level 3. HP: 15/18 MP: 4/4
  1040 | D:2      | Found a stormy altar of Qazlal.
  1042 | D:2      | Noticed an air elemental
  1042 | D:2      | Noticed a water elemental
  1043 | D:2      | Noticed a fire elemental
  1043 | D:2      | Noticed an earth elemental
  1402 | D:2      | Found a sacrificial altar of Ru.
  1566 | D:2      | Reached skill level 4 in Long Blades
  1877 | D:2      | Reached XP level 4. HP: 22/22 MP: 5/5
  2114 | D:2      | Found a hide-covered altar of Uskayaw.
  2114 | D:2      | Found a snail-covered altar of Cheibriados.
  2692 | D:3      | Found a glowing golden altar of the Shining One.
  2692 | D:3      | Found a faded altar of an unknown god.
  2697 | D:3      | Found a faded altar of an unknown god.
  2701 | D:3      | Found a faded altar of an unknown god.
  2703 | D:3      | Found a faded altar of an unknown god.
  2945 | D:4      | Noticed a big kobold
  2964 | D:4      | Killed a big kobold
  2964 | D:4      | Reached skill level 5 in Long Blades
  2964 | D:4      | Reached XP level 5. HP: 15/25 MP: 6/6
  3161 | D:3      | Gained mutation: You regenerate slowly when monsters are visible. [potion of mutation]
  3161 | D:3      | Gained mutation: You are frail. (-10% HP) [potion of mutation]
  3161 | D:3      | Gained mutation: Your flesh is cold resistant. (rC+) [potion of mutation]
  3655 | D:5      | Entered Level 5 of the Dungeon
  3865 | D:5      | Reached XP level 6. HP: 24/27 MP: 7/7
  3887 | D:5      | HP: 1/27 [centaur/arrow (18)]
  3906 | D:5      | Shot with an arrow by a centaur

Skill      XL: |  1  2  3  4 |
---------------+-------------+-----
Long Blades    | 3 4 5 |  5.6
Fighting       | |  1.5
Throwing       | |  2.0
Dodging        | |  4.4

Action                   |  1- 3 |  4- 6 || total
-------------------------+-------+-------++-------
Melee: Long sword        |   121 |    71 ||   192
       Falchion          |       |    24 ||    24
 Fire: Blowgun           |       |    51 ||    51
Throw: Throwing net      |       |     4 ||     4
Evoke: Wand              |       |     3 ||     3
  Use: Potion            |     1 |     7 ||     8
       Scroll            |       |     7 ||     7
 Stab: Sleeping          |     2 |     2 ||     4
Armor: Robe              |     9 |     9 ||    18
Dodge: Dodged            |   115 |   112 ||   227
       Rpst.: Long sword |    33 |    13 ||    46
       Falchion          |       |     3 ||     3
